AoeStats
← Mr. Penis

African Clearing

505216896Analyzed
4v4 RM · 24d ago on Sep 8, 2026· 50m 2s· 8 players
Game mode
Random Map
Map size
Large (8 player)
Population
200
Speed
Normal
Resources
Standard
Victory
Conquest
Starting age
Dark Age
Ending age
Imperial Age
RankedLock teamsTeams togetherTeam positionsShared explorationLock speedFull tech treeHidden civsTurbo modeCheats
Victory
Defeat
🇦🇺 Persians · Australia
1185
+15
🇯🇵 Spanish · Japan
1184
+15
🇹🇼 Gurjaras · Taiwan
1184
+15
🇨🇳 Franks · China
1127
+16
🇩🇪 Goths · Germany
1181
-16
🇨🇳 Vietnamese · China
1156
-15
🇨🇱 Huns · Chile
1142
-15
🇷🇺 Jurchens · Russia
1140
-15
Kirara
4:07 Loom
14:21 Feudal Age
19:07 Castle Age
18:06 Double-Bit Axe
18:40 Stone Mining
19:53 Wheelbarrow
19:13 Pikeman
19:56 Scale Mail Armor
21:13 Fletching
22:27 Squires
23:28 Horse Collar
25:11 Hand Cart
25:40 Gold Mining
27:37 Heavy Plow
30:22 Chain Mail Armor
33:03 Forging
33:34 Bow Saw
36:26 Iron Casting
36:21 Bodkin Arrow
42:43 Imperial Age
44:53 Conscription
46:25 Halberdier
47:11 Anarchy
48:54 Blast Furnace
belen_dhv
7:42 Loom
15:37 Feudal Age
21:13 Castle Age
21:58 Scale Barding Armor
22:03 Forging
21:43 Double-Bit Axe
23:31 Pikeman
31:21 Bow Saw
31:10 Horse Collar
32:45 Scale Mail Armor
34:17 Wheelbarrow
35:36 Gold Mining
35:36 Stone Mining
38:22 Stone Mining
44:29 Imperial Age
42:06 Man-at-Arms
43:18 Marauders
43:56 Heavy Plow
44:45 Hand Cart
45:45 Iron Casting
45:30 Chain Barding Armor
45:26 Town Watch
47:15 Two-Man Saw
46:41 Bloodlines
46:31 Husbandry
48:20 Blast Furnace
47:11 Halberdier
47:45 Cavalier
49:41 Plate Barding Armor
apple11
3:35 Loom
14:45 Feudal Age
17:58 Double-Bit Axe
22:40 Castle Age
20:48 Gold Mining
22:11 Fletching
22:15 Stone Mining
23:35 Town Watch
23:37 Horse Collar
24:27 Bodkin Arrow
27:09 Scale Mail Armor
28:50 Forging
30:13 Chain Mail Armor
30:59 Heavy Plow
32:40 Squires
34:12 Arson
35:51 Iron Casting
37:08 Town Patrol
40:10 Wheelbarrow
42:04 Pikeman
43:32 Hand Cart
43:36 Bow Saw
48:55 Imperial Age
47:23 Elite Skirmisher
48:29 Padded Archer Armor
48:34 Chatras
49:06 Imperial Skirmisher
50:16 Leather Archer Armor
50:04 Bracer
Mr. Penis
16:52 Feudal Age
19:24 Horse Collar
19:31 Double-Bit Axe
22:37 Castle Age
21:00 Loom
22:20 Gold Mining
23:08 Bloodlines
31:55 Wheelbarrow
31:05 Town Watch
33:11 Husbandry
33:55 Hand Cart
33:40 Town Patrol
35:11 Heavy Plow
35:22 Bow Saw
36:00 Gold Shaft Mining
35:15 Stone Mining
37:43 Town Patrol
43:18 Stone Shaft Mining
45:47 Imperial Age
44:33 Fortified Bastions
45:29 Coinage
45:06 Siege Engineers
46:12 Ballistics
45:34 Treadmill Crane
46:04 Masonry
49:00 Banking
48:41 Guilds
49:34 Chemistry
49:04 Architecture
49:00 Conscription
48:53 Thunderclap Bombs
ababa
4:46 Loom
16:07 Feudal Age
16:41 Double-Bit Axe
19:48 Castle Age
17:50 Horse Collar
18:23 Double-Bit Axe
19:51 Scale Barding Armor
20:27 Forging
26:48 Bow Saw
30:41 Wheelbarrow
35:43 Hand Cart
39:12 Imperial Age
39:27 Scale Mail Armor
39:25 Capped Ram
40:26 Pikeman
41:07 Squires
40:53 Gambesons
41:44 Cavalier
42:35 Bloodlines
42:26 Husbandry
43:58 Paladin
47:06 Chain Barding Armor
50:55 Plate Barding Armor
51:17 Iron Casting
Ken
3:28 Loom
14:04 Feudal Age
21:01 Castle Age
19:26 Double-Bit Axe
20:50 Wheelbarrow
22:20 Husbandry
22:26 Scale Barding Armor
27:52 Forging
29:53 Hand Cart
29:35 Gold Mining
32:14 Gold Shaft Mining
33:36 Stone Mining
34:19 Chain Barding Armor
34:35 Iron Casting
36:09 Bow Saw
40:01 Imperial Age
40:32 Cavalier
41:49 Plate Barding Armor
43:11 Blast Furnace
44:10 Chemistry
43:13 Murder Holes
44:39 Paladin
45:25 Town Watch
46:59 Conscription
47:17 Chivalry
48:25 Fletching
50:10 Ballistics
50:00 Masonry
49:56 Siege Engineers
帝国大仲马
5:44 Loom
16:07 Feudal Age
16:28 Double-Bit Axe
21:30 Castle Age
21:44 Gold Mining
22:44 Bow Saw
24:19 Wheelbarrow
23:29 Town Watch
25:51 Hand Cart
27:11 Bloodlines
27:09 Fishing Lines
29:21 Husbandry
30:20 Gillnets
32:43 Stone Mining
38:29 Imperial Age
38:03 Ballistics
37:56 Scale Barding Armor
38:48 Forging
38:55 Cavalier
41:20 Hoardings
43:58 Gold Shaft Mining
43:48 Town Patrol
44:11 Savar
46:45 Citadels
mydogqmi
8:37 Loom
13:47 Feudal Age
23:06 Castle Age
22:16 Forging
22:33 Bloodlines
23:20 Scale Barding Armor
23:24 Light Cavalry
24:45 Iron Casting
29:32 Wheelbarrow
30:25 Double-Bit Axe
30:23 Horse Collar
33:15 Kshatriyas
34:43 Fletching
34:53 Padded Archer Armor
38:22 Imperial Age
36:28 Bow Saw
37:32 Bodkin Arrow
37:53 Leather Archer Armor
38:03 Ballistics
38:11 Heavy Plow
42:04 Thumb Ring
42:42 Gold Mining
43:44 Town Watch
44:48 Crop Rotation
46:25 Chemistry
45:21 Murder Holes
46:49 Husbandry
47:10 Elite Elephant Archer
49:01 Hand Cart
48:47 Town Patrol
49:47 Gold Shaft Mining
49:03 Stone Mining
Connection lost

Rejoining the realm…

Still unreachable

The connection could not be restored.

Session expired

The server has moved on; the page needs a fresh start.